 Dungeon Crawl Stone Soup version 0.28.0-45-g0d030f2227 (webtiles) character file.

Game seed: 100542940444713979

46 zeratav the Insei (level 3, 0/24 HPs)
             Began as an Octopode Transmuter on Apr 9, 2022.
             Slain by a gnoll
             ... wielding a +0 spear
              (5 damage)
             ... on level 2 of the Dungeon.
             The game lasted 00:03:19 (1577 turns).

zeratav the Insei (Octopode Transmuter)             Turns: 1577, Time: 00:03:20

Health: 0/24       AC:  1    Str: 11    XL:     3   Next: 66%
Magic:  6/6        EV: 13    Int: 15    God:
Gold:   35         SH:  0    Dex: 12    Spells: 5/6 levels left

rFire   . . .      SeeInvis .   e - +0 hunting sling {sling}
rCold   . . .      Faith    .   (no shield)
rNeg    . . .      Spirit   .   (helmet restricted)
rPois   .          Reflect  .   (no amulet)
rElec   .          Harm     .   (no ring)
rCorr   .          Rampage  .   (no ring)
Will    .....                   (no ring)
Stlth   +++.......              (no ring)
HPRegen 0.08/turn               (no ring)
MPRegen 0.10/turn               (no ring)
                                (no ring)
                                (no ring)

@: no status effects
A: almost no armour, amphibious, 8 rings, camouflage 1, gelatinous body 1,
(nimble swimmer 1), tentacles
a: no special abilities


You were on level 2 of the Dungeon.
You visited 1 branch of the dungeon, and saw 2 of its levels.

You collected 35 gold pieces.


Innate Abilities, Weirdness & Mutations

You cannot wear most types of armour.
You are amphibious.
You can wear up to eight rings at the same time.
Your skin changes colour to match your surroundings (Stealth+).
Your rubbery body absorbs attacks. (AC +1, EV +1)
((You are camouflaged when in or above water. (Stealth+)))
You have tentacles for arms and can constrict up to eight enemies at once.


   Skills:
 + Level 1.7 Fighting
 + Level 2.4 Dodging
 + Level 1.8 Stealth
 * Level 3.6 Unarmed Combat
 - Level 2.0 Spellcasting
 - Level 2.0 Transmutations


You had 5 spell levels left.
You knew the following spells:

 Your Spells              Type           Power      Damage    Failure   Level
a - Beastly Appendage     Tmut           14%        N/A       10%         1

Your spell library contained the following spells:

 Spells                   Type           Power      Damage    Failure   Level
 Wereblood                Tmut           7%         N/A       14%         2
 Spider Form              Tmut/Pois      4%         N/A       41%         3
 Ice Form                 Ice/Tmut       4%         N/A       82%         4

Inventory:

Hand Weapons
 e - a +0 hunting sling (weapon) {sling}
   (You found it on level 1 of the Dungeon)
Missiles
 f - 18 sling bullets (quivered ammo)
Magical Staves
 b - a staff of fire {staff}
   (You found it on level 1 of the Dungeon)
Scrolls
 c - 7 scrolls of identify {unknown}
 h - a scroll of immolation {unknown}
Potions
 a - a potion of haste {unknown}
 d - a potion of heal wounds {unknown}
 g - a potion of might {unknown}
 i - 2 potions of magic {unknown}

Dungeon Overview and Level Annotations

Branches:
Dungeon (2/15)

Altars:

Shops:
D:1 = D:2

! #######
#.....######### ####
#.###g.@).....###
...##
#..##########...####
....## ##.###
###....#### .)...#
#...# ####....#
.....# ###.# ####.#
.....# #g### ##..#
...>####### #...###
#..## ..........#
###...## #.##
.....####.# ###).##
####.####


You could see a gnoll.


Message History

Your transformation is almost over.
MP[+1]
Your mp is fully restored (6).
You start resting.
Your tentacle spike disappears.
HP[+9]
Your hp is fully restored (23).
Things that are here:
a +0 whip {mace}; a kobold skeleton
Found a stone staircase leading up.
A ball python comes into view.
You see here a sling bullet.
You see here a sling bullet.
e - a +0 hunting sling (weapon)
{sling} You shoot a sling bullet.
The sling bullet hits the goblin.
You kill the goblin!
You shoot a sling bullet.
The sling bullet closely misses the ball python.
You shoot a sling bullet. The sling bullet hits the ball python.
You kill the ball python!
No target in view!
No target in view!
f - 21 sling bullets (gained 1)
f - 24 sling bullets (gained 3)
There is a stone staircase leading down here.
f - 25 sling bullets (gained 1)
Things that are here:
a +0 club {mace}; a goblin corpse
f - 26 sling bullets (gained 1)
There is an entrance to Otusm's Distillery here.
You shoot a sling bullet.
The sling bullet hits the dart slug but does no damage.
You shoot a sling bullet. The sling bullet hits the dart slug.
You shoot a sling bullet.
The sling bullet hits the dart slug but does no damage.
You shoot a sling bullet. The sling bullet hits the dart slug.
The dart slug launches a dart at you. The slug dart misses you.
You shoot a sling bullet. The sling bullet hits the dart slug.
You kill the dart slug!
HP[+1]
You now have 24 max hp (+1).
Your hp is fully restored (24).
No target in view!
f - 23 sling bullets (gained 2)
f - 24 sling bullets (gained 1)
f - 25 sling bullets (gained 1)
Things that are here:
4 stones {throwing}; a +0 dagger {short}
Found a stone staircase leading down.
A goblin comes into view. It is wielding a +0 dagger.
You shoot a sling bullet. The sling bullet hits the goblin.
The goblin shouts!
You shoot a sling bullet. The sling bullet hits the goblin.
You kill the goblin!
No target in view!
f - 24 sling bullets (gained 1)
Things that are here:
a +0 dagger {short}; a goblin corpse
f - 25 sling bullets (gained 1)
Found a stone staircase leading down.
You shoot a sling bullet.
The sling bullet closely misses the gnoll.
The gnoll shouts!
You shoot a sling bullet.
The sling bullet barely misses the gnoll.
You shoot a sling bullet. The sling bullet hits the gnoll.
The gnoll completely misses you.
You shoot a sling bullet. The sling bullet hits the gnoll.
The gnoll barely misses you.
The gnoll hits you from afar with a +0 spear.
HP[-2]
You take 2 damage, and now have 22/24 hp.
You shoot a sling bullet. The sling bullet hits the gnoll.
The gnoll closely misses you. The gnoll barely misses you.
You shoot a sling bullet.
The sling bullet closely misses the gnoll.
The gnoll misses you.
The gnoll hits you from afar with a +0 spear.
HP[-5]
You take 5 damage, and now have 17/24 hp.
MASSIVE DAMAGE!! (PAUSE)
You shoot a sling bullet. The sling bullet hits the gnoll.
The gnoll hits you from afar with a +0 spear!
* * * LOW HITPOINT WARNING * * *
The gnoll closely misses you.
HP[-8]
You take 8 damage, and now have 9/24 hp.
MASSIVE DAMAGE!! (PAUSE)
The gnoll hits you from afar with a +0 spear.
* * * LOW HITPOINT WARNING * * *
HP[-5]
You take 5 damage, and now have 4/24 hp.
MASSIVE DAMAGE!! (PAUSE)
Things that are here:
4 stones {throwing}; a +0 dagger {short} You see here a +0 whip {mace}.
HP[+1]
There is a stone staircase leading up here.
The gnoll hits you from afar with a +0 spear.
You die...

Skill      XL: |  1  2 |
---------------+-------+-----
Stealth        | 1 |  1.8
Fighting       | |  1.7
Dodging        | |  2.4
Unarmed Combat | |  3.6
Spellcasting   | |  2.0
Transmutations | |  2.0

Action                   || total
-------------------------++-------
Melee: Unarmed           ||    38
       Kick              ||    10
       Constrict         ||     9
       Tentacles         ||     6
 Fire: Hunting sling     ||    41
 Cast: Beastly Appendage ||    15
 Stab: Sleeping          ||     3
Armor: Skin              ||     7
Dodge: Dodged            ||    35

Levels and vault maps discovered:
D:1:      dpeg_arrival_pits, layout_rooms,
          shapermc_ecumenical_altar_mp_highgroup, serial_shops, shop
D:2:      layout_rooms, serial_shops, shop

Notes
Turn   | Place    | Note
-------+----------+-------------------------------------------
     0 | D:1      | zeratav the Octopode Transmuter began the quest for the
                  | Orb.
     0 | D:1      | Reached XP level 1. HP: 13/13 MP: 3/3
     0 | D:1      | magus.rc [v1.9.6]
   193 | D:1      | Reached XP level 2. HP: 17/18 MP: 3/5
   238 | D:1      | Reached skill level 1 in Stealth
   329 | D:1      | Found a faded altar of an unknown god.
   520 | D:1      | Found Ses Fyczis's Jewellery Emporium.
   833 | D:2      | Reached XP level 3. HP: 23/23 MP: 6/6
   946 | D:2      | Found Otusm's Distillery.
  1553 | D:2      | HP: 4/24 [gnoll/+0 spear (6)]
  1577 | D:2      | Slain by a gnoll

Vanquished Creatures
  A gnoll (D:1)
  A dart slug (D:2)
  A bat (D:1)
  3 endoplasms (D:1)
  2 giant cockroaches
  5 hobgoblins
  3 kobolds
  A quokka (D:1)
  2 ball pythons
  2 frilled lizards
  5 goblins
  5 rats (D:1)
31 creatures vanquished.

Table legend:
 A = Non-vault XP
 B = Vault XP
 C = Vault XP percentage of total XP
 D = Non-vault monster count
 E = Vault monster count
 F = Vault count percentage of total count
                 A         B        C        D         E       F
            +---------+---------+-------+---------+---------+-------
      Total |      66 |       0 |   0.0 |      31 |       0 |   0.0
            +---------+---------+-------+---------+---------+-------
        D:1 |      46 |       0 |   0.0 |      21 |       0 |   0.0
        D:2 |      20 |       0 |   0.0 |      10 |       0 |   0.0
            +---------+---------+-------+---------+---------+-------

Illustrated notes

Table legend:
 A = Kills in this place as a percentage of kills in entire the game.
 B = Kills by you in this place as a percentage of kills by you in the entire game.
 C = Kills by friends in this place as a percentage of kills by friends in the entire game.
 D = Other kills in this place as a percentage of other kills in the entire game.
 E = Experience gained in this place as a percentage of experience gained in the entire game.
 F = Experience gained in this place divided by the number of levels of this place that you have seen.
                   A       B       C       D       E      F
               +-------+-------+-------+-------+-------+----------------------
         Total | 100.0 | 100.0 |   N/A |   N/A | 100.0 |  33.0
       Dungeon | 100.0 | 100.0 |   N/A |   N/A | 100.0 |  33.0
               +-------+-------+-------+-------+-------+----------------------

Table legend: (Time is in decaauts)
 A = Elapsed time spent in this place.
 B = Non-inter-level travel time spent in this place.
 C = Inter-level travel time spent in this place.
 D = Time resting spent in this place.
 E = Time spent auto-exploring this place.
 F = Levels seen in this place.
 G = Mean time per level.
                   A        B        C        D        E       F      G
               +--------+--------+--------+--------+--------+-----+--------+
         Total |   1581 |   1495 |     86 |    115 |   1010 |   2 |  790.5 |
       Dungeon |   1581 |   1495 |     86 |    115 |   1010 |   2 |  790.5 |
               +--------+--------+--------+--------+--------+-----+--------+

Top non-repeatable levels by time:
     D:1: 935 daAuts
     D:2: 646 daAuts
